 Dungeon Crawl Stone Soup version 0.32-a0-893-gf85d74f360 (webtiles) character file.

Game seed: 17623601791188439915

1199 bronco the Cleaver (level 8, 0/56 HPs)
             Began as a Coglin Gladiator on Apr 3, 2024.
             Was a Follower of Beogh.
             Killed from afar by an electric eel (9 damage)
             ... with a bolt of electricity
             ... on level 6 of the Dungeon.
             The game lasted 00:11:09 (5098 turns).

bronco the Cleaver (Coglin Gladiator)               Turns: 5098, Time: 00:11:09

Health: 0/56       AC:  6    Str: 15    XL:     8   Next: 44%
Magic:  8/8        EV: 10    Int:  9    God:    Beogh [*.....]
Gold:   331        SH:  0    Dex: 16    Spells: 7/7 levels left

rFire   . . .        a - +0 war axe {Yume}
rCold   . . .        e - +2 whip (drain) {Silke}
rNeg    . . .        n - +0 ring mail
rPois   .            c - +0 helmet
rElec   .            (no cloak)
rCorr   .            (no gloves)
SInv    .            (no boots)
Will    .....        (amulet unavailable)
Stlth   +            (ring unavailable)
HPRegen 0.29/turn    (ring unavailable)
MPRegen 0.11/turn    (no gizmo)

%: no passive effects
@: mighty, revving
A: off-hand wielding, slow wielding, warmup strikes, no jewellery
a: Invent Gizmo, Renounce Religion


You were on level 6 of the Dungeon.
You worshipped Beogh.
Beogh was aware of your devotion.
You visited 2 branches of the dungeon, and saw 8 of its levels.

You collected 331 gold pieces.

Inventory:

Hand Weapons
 a - a +0 war axe (weapon) {Yume}
 e - a +2 whip of draining (offhand) {Silke}
 f - a +0 dagger {Arnulf}
 h - a +0 quarterstaff
 i - a +0 spear {José}
 o - a +0 war axe
 A - a +2 shortbow of draining
Missiles
 d - 6 throwing nets
 j - 6 boomerangs (quivered)
 m - 18 stones
 v - 4 poisoned darts
 x - a javelin
Armour
 b - a +0 leather armour
 c - a +0 helmet (worn)
 n - a +0 ring mail (worn)
 u - an orb of light
Wands
 q - a wand of paralysis (2)
 z - a wand of polymorph (7)
Scrolls
 g - a scroll of revelation
 w - a scroll of silence
 y - a scroll of immolation
Potions
 k - a potion of enlightenment
 l - a potion of brilliance
 p - a potion of degeneration
 t - a potion of mutation


   Skills:
 - Level 2.0 Fighting
 + Level 10.3 Axes
 - Level 1.7 Throwing
 - Level 2.7 Dodging


You had 7 spell levels left.
You didn't know any spells.
Your spell library contained the following spells:

 Spells                   Type           Power      Damage    Failure   Level
 Freeze                   Ice            0%         1d3       63%         1
 Summon Small Mammal      Summ           0%         N/A       63%         1
 Jinxbite                 Hex            0%         N/A       77%         2
 Confusing Touch          Hex            0%         N/A       94%         3
 Frozen Ramparts          Ice            0%         1d1       94%         3
 Hailstorm                Conj/Ice       0%         3d5       94%         3
 Fire Storm               Conj/Fire      0%         5d1       100%        9


Dungeon Overview and Level Annotations

Branches:
Dungeon (7/15)             Temple (1/1) D:4

Altars:
Ashenzari
Cheibriados
Elyvilon
Fedhas
Kikubaaqudgha
Makhleb
Okawaru
Qazlal
Ru
Sif Muna
Trog
Wu Jian
Xom
Zin
The Shining One

Shops:
D:3 !

Annotations:
D:6 Maggie, Menkaure


Innate Abilities, Weirdness & Mutations

You can wield a second weapon in your off-hand.
It takes a long time for you to wield or remove held weapons.
Your first few attacks do less damage.
You cannot equip rings or amulets.


Message History

No target in view!
You swap places.
Found a scroll labelled RAUGEC ZOGU.
Menkaure shouts!
You hear a croak.
Menkaure mumbles some strange words.
Menkaure seems to speed up.
Menkaure calls on the powers of darkness!
Prince Ribbit convulses!
Your body is wracked with pain!
There is a stone staircase leading down here.
You climb downwards.
Found 8 gold pieces and a battleaxe.
There is a stone staircase leading up here.
You start resting.
HP restored.
You climb upwards.
Level annotation: Maggie, Menkaure, Prince Ribbit Prince Ribbit hits you! x2
There is a stone staircase leading down, spattered with blood here.
You slash Prince Ribbit with your +0 war axe!
Prince Ribbit is moderately wounded.
You barely miss Prince Ribbit with your +2 whip of draining.
Prince Ribbit hits you!
You are too injured to fight recklessly!
You feel very mighty all of a sudden.
Prince Ribbit hits you but does no damage.
Prince Ribbit hits you!
* * * LOW HITPOINT WARNING * * *
You slash Prince Ribbit with your +0 war axe!
Prince Ribbit is heavily wounded.
You whack Prince Ribbit with your +2 whip of draining!
You drain Prince Ribbit.
You kill Prince Ribbit!
Beogh accepts your kill.
Prince Ribbit returns to his original shape as he dies.
An electric eel comes into view.
Menkaure gestures wildly while chanting.
Menkaure seems to speed up.
The electric eel shoots out a bolt of lightning at you!
The bolt of electricity hits you!
You die...

#.##.....# #.###########...
###.##.....# #.#...##........
#...†......####.#....M........
#.#.#.........#.#...##........
####.#.#......##.#.##.########M.$
#......#.##.#.##.#M...# ...
#.##.###.##.#......F..# ...
#.##.....##.####.###.## ..?
#.#########<# #@# #.# .^. ###
#........†# #.# ..#
....≈S≈≈≈≈≈.## #.#


MF# ≈≈≈≈......≈......# ....#####.≈.#.#### #### #.≈.# # #.≈.# #.≈.. You could see
Menkaure (fast) and an electric eel.

Vanquished Creatures
  Prince Ribbit (D:6)
  A centaur (D:5)
  2 phantoms
  A bullfrog (D:5)
  4 scorpions
  A howler monkey (D:5)
  A bombardier beetle (D:3)
  A jelly (D:4)
  2 gnoll boudas
  An orc priest (D:4)
  2 hounds
  Ijyb (D:4)
  An iguana (D:5)
  6 adders
  13 gnolls
  3 ribbon worms
  A dart slug (D:1)
  5 orcs
  4 bats
  6 endoplasms
  4 goblins
  A hobgoblin (D:2)
  9 kobolds
  3 quokkas
  6 ball pythons
  A frilled lizard (D:2)
  3 rats
84 creatures vanquished.

Notes
Turn   | Place    | Note
-------+----------+-------------------------------------------
     0 | D:1      | bronco the Coglin Gladiator began the quest for the Orb.
     0 | D:1      | Reached XP level 1. HP: 16/16 MP: 1/1
   249 | D:1      | Found a faded altar of an unknown god.
   255 | D:1      | Got Plato's Opusculum on the Mirage
   271 | D:1      | Reached XP level 2. HP: 19/22 MP: 2/2
   995 | D:2      | Reached skill level 4 in Axes
  1077 | D:2      | Reached XP level 3. HP: 26/27 MP: 3/3
  1528 | D:2      | Found a white marble altar of Elyvilon.
  1611 | D:3      | Became a worshipper of Beogh the Shepherd
  1849 | D:3      | Got the Verses on Bad Luck and Conflict
  1877 | D:3      | Reached XP level 4. HP: 31/33 MP: 4/4
  2004 | D:3      | Reached skill level 5 in Axes
  2027 | D:3      | Found Feipp's Distillery.
  2449 | D:4      | Found a snail-covered altar of Cheibriados.
  2453 | D:4      | Reached XP level 5. HP: 26/38 MP: 5/5
  2561 | D:3      | Reached skill level 6 in Axes
  2735 | D:4      | Found a shimmering altar of Xom.
  2735 | D:4      | Noticed an angel
  2736 | D:4      | Found a glowing silver altar of Zin.
  2931 | D:4      | Reached * piety under Beogh
  2932 | D:4      | Reached XP level 6. HP: 44/44 MP: 6/6
  2990 | D:4      | Noticed Ijyb
  2995 | D:4      | Paralysed by Ijyb for 3 turns
  3004 | D:4      | Paralysed by Ijyb for 4 turns
  3013 | D:4      | Killed Ijyb
  3084 | D:4      | Found a staircase to the Ecumenical Temple.
  3096 | D:4      | Reached skill level 7 in Axes
  3104 | Temple   | Entered the Ecumenical Temple
  3439 | D:5      | Entered Level 5 of the Dungeon
  3692 | D:5      | Reached XP level 7. HP: 50/50 MP: 7/7
  3717 | D:5      | Reached skill level 8 in Axes
  3741 | D:5      | Found an iron altar of Okawaru.
  4161 | D:5      | Reached skill level 9 in Axes
  4245 | D:5      | Reached XP level 8. HP: 34/56 MP: 8/8
  4574 | D:6      | Noticed Menkaure
  4761 | D:6      | Noticed Prince Ribbit
  4761 | D:6      | Noticed Maggie
  4946 | D:6      | Reached skill level 10 in Axes
  5097 | D:6      | Killed Prince Ribbit
  5098 | D:6      | Killed from afar by an electric eel

Illustrated notes

Levels and vault maps discovered:
D:1:      mainiacjoe_arrival_reflecting_pool, layout_basic,
          shapermc_ecumenical_altar_rom_forum
D:2:      layout_loops_ring, basic_altar
D:3:      layout_basic, serial_shops, nicolae_shop_behind_doors, minivault_14,
          nicolae_underground_beach
D:4:      layout_loops_cross, grunt_temple_overflow_order_and_chaos_1,
          cheibriados_altar_1, minmay_temple_entry_hall, st_stairs_1, uniq_ijyb
D:5:      layout_loops_ring, amcnicky_altar_gilded
D:6:      layout_loops_cross, nicolae_overflow_squiral, st_stairs_5,
          minivault_19, uniq_menkaure, uniq_prince_ribbit1, uniq_maggie
D:7:      layout_cave_pools, mainiacjoe_overflow_chevrons, serial_shops,
          nicolae_shop_pleasant_corner_grove, chequers_mini_garden,
          kennysheep_minor_cross, lightli_minifort, uniq_crazy_yiuf_cottage
Temple:   hellmonk_temple_rainy

Skill      XL: |  1  2  3  4  5  6  7  8 |
---------------+-------------------------+-----
Axes           | 4 5 6 7 9 10 | 10.3
Fighting       | |  2.0
Throwing       | |  1.7
Dodging        | |  2.7

Action                     |  1- 3 |  4- 6 |  7- 9 || total
---------------------------+-------+-------+-------++-------
  Melee: War axe           |    70 |    70 |    85 ||   225
         Dagger            |     9 |       |       ||     9
         Spear             |    65 |    84 |    43 ||   192
         Whip              |       |       |    43 ||    43
  Throw: Throwing net      |       |     1 |       ||     1
         Javelin           |       |       |     1 ||     1
         Boomerang         |       |       |     2 ||     2
 Invoke: Convert to Beogh  |     1 |       |       ||     1
  Evoke: Wand              |       |       |     3 ||     3
    Use: Scroll            |       |    10 |     4 ||    14
         Potion            |       |     2 |     1 ||     3
   Stab: Invisible         |       |     2 |       ||     2
         Paralysed         |       |       |     4 ||     4
 Armour: Leather armour    |    22 |       |       ||    22
         Ring mail         |    14 |    48 |    78 ||   140
  Dodge: Dodged            |    40 |    51 |    47 ||   138

Table legend: (Time is in decaauts)
 A = Elapsed time spent in this place.
 B = Non-inter-level travel time spent in this place.
 C = Inter-level travel time spent in this place.
 D = Time resting spent in this place.
 E = Time spent auto-exploring this place.
 F = Levels seen in this place.
 G = Mean time per level.
                   A        B        C        D        E       F      G
               +--------+--------+--------+--------+--------+-----+--------+
         Total |   5116 |   4930 |    186 |    713 |   3420 |   8 |  639.5 |
       Dungeon |   5046 |   4871 |    175 |    667 |   3420 |   7 |  720.9 |
        Temple |     69 |     58 |     11 |     46 |      0 |   1 |   69.0 |
               +--------+--------+--------+--------+--------+-----+--------+

Top non-repeatable levels by time:
     D:5: 1321 daAuts
     D:3: 971 daAuts
     D:1: 881 daAuts
     D:4: 812 daAuts
     D:2: 723 daAuts
     D:6: 253 daAuts
     D:7: 82 daAuts
  Temple: 69 daAuts
